AoeStats
← KiNGMG

Arena

510626227Analyzed
1v1 RM · 6h ago on Oct 1, 2026· 30m 30s· 2 players
Game mode
Random Map
Map size
Tiny (2 player)
Population
200
Speed
Normal
Resources
Standard
Victory
Conquest
Starting age
Dark Age
Ending age
Imperial Age
RankedLock teamsTeams togetherTeam positionsShared explorationLock speedFull tech treeHidden civsTurbo modeCheats
Victory
Defeat
🇩🇪 Koreans · Germany
1040
+18
🇬🇧 Slavs · United Kingdom
1076
-18
KiNGMG
0:25 Loom
10:29 Feudal Age
14:42 Castle Age
12:38 Double-Bit Axe
14:31 Horse Collar
15:52 Bow Saw
22:08 Wheelbarrow
21:53 Heavy Plow
22:29 Gold Mining
24:43 Fletching
25:25 Hand Cart
25:42 Stone Mining
26:29 Gold Shaft Mining
26:03 Scale Mail Armor
28:45 Scale Barding Armor
28:51 Forging
28:38 Light Cavalry
29:19 Husbandry
30:03 Chain Barding Armor
31:17 Ballistics
StinkyNewt
10:44 Feudal Age
15:53 Castle Age
14:07 Double-Bit Axe
16:11 Stone Mining
17:11 Wheelbarrow
26:36 Hand Cart
26:51 Bow Saw
26:24 Horse Collar
30:54 Imperial Age
28:29 Gold Mining
28:51 Heavy Plow
Connection lost

Rejoining the realm…

Still unreachable

The connection could not be restored.

Session expired

The server has moved on; the page needs a fresh start.